 Dungeon Crawl Stone Soup version 0.25.0-1-g7eea58d2a3 (webtiles) character file.

Game seed: 1164855961947950146

11942 nikku the Thaumaturge (level 11, 0/67 HPs)
             Began as a Deep Elf Conjurer on June 13, 2020.
             Was an Elder of Vehumet.
             Slain by an unseen horror (9 damage)
             ... on level 11 of the Dungeon.
             The game lasted 00:50:57 (16403 turns).

nikku the Thaumaturge (Deep Elf Conjurer)          Turns: 16403, Time: 00:50:57

Health: 0/67       AC: 11    Str:  5    XL:     11   Next: 55%
Magic:  28/28      EV: 17    Int: 24    God:    Vehumet [****..]
Gold:   336        SH: 11    Dex: 21    Spells: 16/33 levels left

rFire    . . .     SeeInvis .   A - +3 spear (vamp)
rCold    . . .     Gourm    .   G - +2 kite shield
rNeg     . . .     Faith    .   t - +0 robe of Pride {MR+}
rPois    .         Spirit   .   m - +1 helmet
rElec    .         Reflect  .   n - +2 cloak
rCorr    .         Harm     .   H - +1 pair of gloves
MR       +++..                  b - +1 pair of boots
Stlth    ++++......             y - amulet of magic regeneration
HPRegen  0.21/turn              r - ring of protection from magic
MPRegen  0.46/turn              E - +6 ring of dexterity

@: no status effects
A: no striking features
a: Renounce Religion


You were on level 11 of the Dungeon.
You worshipped Vehumet.
Vehumet was greatly pleased with you.
You were not hungry.

You visited 2 branches of the dungeon, and saw 12 of its levels.

You collected 620 gold pieces.
You spent 284 gold pieces at shops.

Inventory:

Hand Weapons
 A - a +3 vampiric spear (weapon)
 K - a +2 dagger of venom
Missiles
 h - 44 poisoned darts (quivered)
 B - 7 atropa-tipped darts
Armour
 b - a +1 pair of boots (worn)
 m - a +1 helmet (worn)
 n - a +2 cloak (worn)
 t - the +0 robe of Pride (worn) {MR+}
   (You bought it in a shop on level 5 of the Dungeon)

   It affects your resistance to hostile enchantments.
 G - a +2 kite shield (worn)
 H - a +1 pair of gloves (worn)
Jewellery
 q - an uncursed ring of positive energy
 r - a ring of protection from magic (left hand)
 y - an amulet of magic regeneration (around neck)
 E - a +6 ring of dexterity (right hand)
Wands
 e - a wand of random effects (14)
 w - a wand of flame (20)
 x - a wand of digging (8)
 C - a wand of polymorph (13)
 F - a wand of clouds (5)
Scrolls
 a - 3 scrolls of remove curse
 f - a scroll of identify
 g - 4 scrolls of amnesia
 o - 3 scrolls of blinking
 v - 7 scrolls of teleportation
 D - 2 scrolls of fear
 I - a scroll of brand weapon {unknown}
Potions
 d - a potion of resistance
 i - 7 potions of curing
 k - 2 potions of lignification
 l - a potion of mutation
 p - 2 potions of might
 s - 4 potions of heal wounds
 u - 2 potions of brilliance
 z - a potion of cancellation
Comestibles
 c - 20 rations
 j - 9 chunks of flesh


   Skills:
 + Level 7.5 Fighting
 - Level 8.0 Dodging
 - Level 7.1 Stealth
 * Level 4.3 Shields
 + Level 11.9 Spellcasting
 - Level 7.1 Conjurations
 + Level 2.8 Charms
 - Level 7.0 Translocations
 + Level 1.9 Fire Magic
 - Level 3.0 Ice Magic


You had 16 spell levels left.
You knew the following spells:

 Your Spells              Type           Power        Failure   Level  Hunger
a - Magic Dart            Conj           ####         1%          1    None
b - Searing Ray           Conj           #####.       1%          2    None
c - Iskenderun's Mystic   Conj/Tloc      #####...     2%          4    None
d - Sticky Flame          Conj/Fire      #####...     7%          4    None
e - Iskenderun's Battles  Conj/Chrm      #####...     16%         5    ###....
f - Freeze                Ice            ####         1%          1    None

Your spell library contained the following spells:

 Spells                   Type           Power        Failure   Level  Hunger
 Dazzling Flash           Conj/Hex       ####..       3%          3    None
 Fulminant Prism          Conj/Hex       ####......   11%         4    None


Dungeon Overview and Level Annotations

Branches:
Dungeon (11/15)            Temple (1/1) D:6            Lair (0/6) D:10
    Orc (0/2) D:9

Altars:
Ashenzari
Cheibriados
Dithmenos
Elyvilon
Fedhas
Gozag
Hepliaklqana
Kikubaaqudgha
Makhleb
Nemelex Xobeh
Okawaru
Qazlal
Ru
Sif Muna
Trog
Uskayaw
Vehumet
Wu Jian
Xom
Yredelemnul
Zin
The Shining One

Shops:
D:4 *   D:5 ([?   D:10 *


Message History

Something completely misses you. Something hits you but does no damage.
Something closely misses you. Something hits you but does no damage.
Something barely misses you. You block something's attack.
Something barely misses you.
You hit something.
You feel better. Something hits you!
Something hits you but does no damage. x2
You closely miss something. Something hits you but does no damage.
Something hits you!
You closely miss something. Something hits you!
Something hits you but does no damage. Something hits you. Something hits you!
* * * LOW HITPOINT WARNING * * *
Something hits you!
* * * LOW HITPOINT WARNING * * *
Something closely misses you. Something hits you!
You die...

#.......# #.. #.......# ##.
#.......# ###########.
###..#### #.......##..
####...# #.......##..
..#....#.# #.......##..
#....##..## #.......##..
###.......#############...(.
#..###.#..@....## #......
###.####.#######>.#
###.####.
.........(........###...# #.
#.###..########....#.#######
# #.## #...)........#
##.###.#### ###.....####..
#.........# ##.รท###..)..##
#.........######..##
#####... #.........##.....##
####


There were no monsters in sight!

Vanquished Creatures
  A two-headed ogre (D:9)
  A centaur zombie (D:10)
  Psyche (D:9)
  A gargoyle (D:11)
  3 trolls
  2 hippogriffs
  Sigmund (D:5)
  A wyvern (D:10)
  9 yaks
  Grum (D:9)
  A hungry ghost (D:8)
  A soldier ant (D:10)
  2 water moccasins (D:8)
  3 sky beasts
  6 orc warriors
  2 black bears
  3 ice beasts
  7 ogres
  An eye of draining (D:8)
  A necrophage (D:8)
  6 wolves
  10 centaurs
  5 big kobolds (D:9)
  5 gnoll sergeants (D:9)
  5 bullfrogs
  3 scorpions
  6 killer bees (D:8)
  5 wights
  5 electric eels
  6 howler monkeys
  4 crimson imps
  10 hounds
  6 orc priests
  3 bullfrog skeletons
  13 orc wizards
  Crazy Yiuf (D:2)
  2 centaur skeletons
  Natasha (thrice) (D:3)
  6 iguanas
  2 worker ants
  2 killer bee zombies
  A hound skeleton (D:9)
  A howler monkey zombie (D:7)
  Robin (D:2)
  12 adders
  10 gnolls
  4 shadow imps
  An adder zombie (D:6)
  An adder skeleton (D:9)
  4 worms
  4 dart slugs
  4 leopard geckos
  39 orcs
  17 goblins
  15 hobgoblins
  4 jackals
  8 quokkas
  6 bats
  6 frilled lizards
  A giant cockroach zombie (D:5)
  20 kobolds
  A leopard gecko skeleton (D:5)
  2 quokka zombies (D:5)
  9 rats
327 creatures vanquished.

Notes
Turn   | Place    | Note
-------+----------+-------------------------------------------
     0 | D:1      | nikku the Deep Elf Conjurer began the quest for the Orb.
     0 | D:1      | Reached XP level 1. HP: 10/10 MP: 6/6
   306 | D:1      | Reached XP level 2. HP: 16/16 MP: 5/8
   310 | D:1      | Learned a level 2 spell: Searing Ray
   670 | D:1      | Reached skill level 1 in Fighting
   801 | D:1      | Learned a level 2 spell: Searing Ray
   973 | D:2      | Reached XP level 3. HP: 20/20 MP: 8/10
  1213 | D:2      | Reached skill level 4 in Spellcasting
  1349 | D:2      | Noticed Robin
  1475 | D:2      | Killed Robin
  1475 | D:2      | Reached XP level 4. HP: 25/25 MP: 1/12
  1826 | D:2      | Learned a level 4 spell: Iskenderun's Mystic Blast
  2194 | D:2      | Found a runed translucent door.
  2195 | D:2      | Noticed Crazy Yiuf
  2202 | D:2      | Killed Crazy Yiuf
  2202 | D:2      | Reached XP level 5. HP: 30/30 MP: 8/13
  2406 | D:3      | Reached skill level 1 in Translocations
  3327 | D:3      | Noticed Natasha
  3331 | D:3      | Killed Natasha
  3503 | D:3      | Reached skill level 5 in Spellcasting
  4186 | D:3      | Noticed Natasha
  4189 | D:3      | Killed Natasha
  4538 | D:3      | Noticed Natasha
  4544 | D:3      | Killed Natasha
  4938 | D:4      | Reached XP level 6. HP: 36/36 MP: 10/15
  4988 | D:4      | Reached skill level 5 in Conjurations
  5085 | D:4      | Noticed a hippogriff
  5097 | D:4      | Killed a hippogriff
  5407 | D:4      | You fall into a shaft and drop 2 floors!
  5412 | D:6      | Found a staircase to the Ecumenical Temple.
  5425 | Temple   | Entered the Ecumenical Temple
  5527 | Temple   | Became a worshipper of Vehumet
  5558 | D:5      | Entered Level 5 of the Dungeon
  5563 | D:5      | Noticed a sky beast
  5596 | D:4      | Reached XP level 7. HP: 40/40 MP: 1/17
  5724 | D:4      | Found Nave's General Store.
  5794 | D:4      | Reached skill level 6 in Spellcasting
  6776 | D:5      | Noticed Sigmund
  6780 | D:5      | Killed Sigmund
  7022 | D:5      | Reached XP level 8. HP: 48/48 MP: 13/20
  7102 | D:5      | Found Kevaigh's Antique Weapon Shop.
  7112 | D:5      | Reached skill level 7 in Spellcasting
  7538 | D:5      | Found Saphazue's Antique Armour Emporium.
  7544 | D:5      | Bought a brightly glowing robe for 142 gold pieces
  7554 | D:5      | Identified the +0 robe of Pride {MR+} (You bought it in a
                  | shop on level 5 of the Dungeon)
  7557 | D:5      | Found Kekhlofe's Magic Scroll Shoppe.
  7614 | D:5      | Bought a scroll of teleportation for 36 gold pieces
  7614 | D:5      | Bought a scroll of teleportation for 36 gold pieces
  7843 | D:5      | Reached skill level 5 in Translocations
  7992 | D:5      | Reached * piety under Vehumet
  7992 | D:5      | Offered knowledge of Freeze by Vehumet.
  8471 | D:6      | Reached skill level 8 in Spellcasting
  9256 | D:6      | Learned a level 1 spell: Freeze
  9316 | D:7      | Reached XP level 9. HP: 53/53 MP: 16/23
  9408 | D:7      | Reached skill level 1 in Ice Magic
  9575 | D:7      | Reached skill level 5 in Fighting
 10127 | D:7      | Found a hazy altar of Hepliaklqana.
 10366 | D:7      | Reached skill level 5 in Dodging
 10695 | D:8      | Reached skill level 9 in Spellcasting
 10915 | D:8      | Reached ** piety under Vehumet
 10973 | D:8      | Offered knowledge of Foxfire by Vehumet.
 11185 | D:8      | Found an iron altar of Okawaru.
 11394 | D:8      | Reached XP level 10. HP: 55/60 MP: 17/25
 11494 | D:8      | Reached skill level 5 in Stealth
 11604 | D:8      | Reached skill level 10 in Spellcasting
 12024 | D:9      | Noticed a two-headed ogre
 12028 | D:9      | Offered knowledge of Frozen Ramparts by Vehumet.
 12032 | D:9      | Killed a two-headed ogre
 12294 | D:9      | Reached *** piety under Vehumet
 12785 | D:9      | Reached skill level 11 in Spellcasting
 12949 | D:9      | Found a staircase to the Orcish Mines.
 13197 | D:9      | Reached skill level 1 in Shields
 13201 | D:9      | Offered knowledge of Sticky Flame by Vehumet.
 13207 | D:9      | Learned a level 4 spell: Sticky Flame
 13222 | D:9      | Noticed Psyche
 13226 | D:9      | Killed Psyche
 13379 | D:9      | Reached XP level 11. HP: 66/67 MP: 24/28
 13380 | D:9      | Noticed Grum
 13390 | D:9      | Killed Grum
 14038 | D:10     | Entered Level 10 of the Dungeon
 14602 | D:10     | Reached **** piety under Vehumet
 14739 | D:10     | Found a staircase to the Lair.
 14991 | D:10     | Offered knowledge of Iskenderun's Battlesphere by Vehumet.
 14998 | D:10     | Learned a level 5 spell: Iskenderun's Battlesphere
 15132 | D:10     | Reached skill level 1 in Charms
 15201 | D:10     | Reached skill level 1 in Fire Magic
 15645 | D:10     | Found Fauph's General Store.
 15648 | D:10     | Bought a potion of heal wounds for 70 gold pieces
 16403 | D:11     | Slain by an unseen horror

Illustrated notes

Levels and vault maps discovered:
D:1:      saegor_arrival_miasma, layout_loops_ring
D:2:      layout_rooms, uniq_robin, uniq_crazy_yiuf_cottage
D:3:      layout_loops_corners, uniq_natasha
D:4:      layout_loops_ring, first_ration, serial_shops, shop
D:5:      layout_layer_cave, serial_shops, shop_scrolls,
          nicolae_shop_statue_plus, shop, uniq_sigmund
D:6:      layout_loops_cross, minmay_temple_entry_antechambers,
          minmay_crystal_water, kennysheep_generic_room_14
D:7:      layout_loops_ring, kennysheep_mini
D:8:      layout_basic, grunt_ogre_cave, okawaru_gym_becter
D:9:      layout_basic, kennysheep_orc_monster_closet_entryway, uniq_psyche,
          uniq_grum
D:10:     layout_loops_ring, erik_lair_island, serial_shops,
          kennysheep_mini_moat, minivault_10
D:11:     layout_rooms
Temple:   grunt_wide_crystal_templ

Skill      XL: |  1  2  3  4  5  6  7  8  9 10 11 |
---------------+----------------------------------+-----
Dodging        | 3 4 6 8 |  8.0
Fighting       | 1 2 3 4 5 7 |  7.5
Spellcasting   | 4 5 6 8 9 11 | 11.9
Translocations | 1 3 4 5 6 7 |  7.0
Conjurations   | 5 6 7 |  7.1
Ice Magic      | 3 |  3.0
Stealth        | 4 7 |  7.1
Shields        | 2 4 |  4.3
Charms         | 2 |  2.8
Fire Magic     | 1 |  1.9

Action                   |  1- 3 |  4- 6 |  7- 9 | 10-12 || total
-------------------------+-------+-------+-------+-------++-------
Melee: Quarterstaff      |       |       |    15 |     3 ||    18
       Spear             |       |       |       |    12 ||    12
 Cast: Magic Dart        |    77 |   106 |   246 |   358 ||   787
       Searing Ray       |     3 |    13 |    38 |    54 ||   108
       Iskenderun's Myst |       |       |    18 |    48 ||    66
       Freeze            |       |       |       |     1 ||     1
       Sticky Flame      |       |       |       |     1 ||     1
  Use: Scroll            |     4 |     4 |    17 |     4 ||    29
       Potion            |       |       |     1 |       ||     1
  Eat: Chunk             |     2 |     7 |    10 |     8 ||    27
       Ration            |       |     1 |     3 |     2 ||     6
Armor: Robe              |     3 |     7 |    22 |    41 ||    73
       Skin              |       |       |     4 |       ||     4
Dodge: Dodged            |    18 |    17 |    53 |    89 ||   177
Block: Kite shield       |       |       |       |    51 ||    51
